 Dungeon Crawl Stone Soup version 0.24.0-13-gcf9b319 (webtiles) character file.

Game seed: 8766819265859029939, levelgen mode: deterministic

361 Bronimir the Stinger (level 6, -10/47 HPs)
             Began as a Draconian Venom Mage on Mar 25, 2020.
             Was an Initiate of Vehumet.
             Mangled by an orc warrior
             ... wielding a +0 trident
              (20 damage)
             ... on level 5 of the Dungeon.
             The game lasted 00:11:32 (4331 turns).

Bronimir the Stinger (Draconian Venom Mage)         Turns: 4331, Time: 00:11:32

Health: -10/47     AC:  9    Str: 11    XL:     6   Next: 38%
Magic:  1/10       EV: 12    Int: 17    God:    Vehumet [......]
Gold:   179        SH:  0    Dex: 11    Spells: 1/11 levels left

rFire    . . .     SeeInvis .   a - +0 hand axe
rCold    . . .     Gourm    .   (no shield)
rNeg     . . .     Faith    .   (armour unavailable)
rPois    .         Spirit   .   (helmet restricted)
rElec    .         Reflect  .   (no cloak)
rCorr    .         Harm     .   (no gloves)
MR       .....                  v - +2 pair of boots
Stlth    ++........             (no amulet)
HPRegen  0.15/turn              (no ring)
MPRegen  0.12/turn              (no ring)

@: no status effects
A: unfitting armour, cold-blooded, AC +6
a: Renounce Religion


You were on level 5 of the Dungeon.
You worshipped Vehumet.
Vehumet was noncommittal.
You were not hungry.

You visited 2 branches of the dungeon, and saw 6 of its levels.

You collected 179 gold pieces.

Inventory:

Hand Weapons
 a - a +0 hand axe (weapon)
 b - a +0 hunting sling
 e - a +0 club
 t - a +0 short sword
Missiles
 d - 13 bolts
 h - 99 stones
 j - 40 poisoned darts (quivered)
 n - 61 arrows
Armour
 v - a +2 pair of boots (worn)
Jewellery
 s - an uncursed ring of ice
 w - an uncursed ring of fire {unknown}
Scrolls
 c - 5 scrolls of teleportation {unknown}
 f - 3 scrolls of remove curse {unknown}
 g - 4 scrolls of identify {unknown}
 p - 2 scrolls of amnesia {unknown}
 q - 2 scrolls of enchant armour {unknown}
Potions
 i - a potion of brilliance {unknown}
 l - a potion of haste
 m - 6 potions of curing {unknown}
 o - a potion of agility {unknown}
 r - a potion of degeneration {unknown}
 u - a potion of resistance
Comestibles
 k - 8 rations


   Skills:
 + Level 1.2 Fighting
 + Level 0.8 Short Blades
 + Level 1.3(1.5) Axes
 + Level 0.8(1.2) Maces & Flails
 + Level 1.0 Slings
 + Level 2.6 Dodging
 - Level 1.7 Stealth
 + Level 0.2 Unarmed Combat
 + Level 3.2 Spellcasting
 * Level 2.5 Conjurations
 * Level 4.6 Poison Magic


You had one spell level left.
You knew the following spells:

 Your Spells              Type           Power        Failure   Level  Hunger
a - Sting                 Conj/Pois      ##..         4%          1    None
b - Poisonous Vapours     Pois/Air       ##....       10%         2    ##.....
c - Mephitic Cloud        Conj/Pois/Air  ##......     19%         3    ###....
d - Olgreb's Toxic Radia  Pois           ###.....     26%         4    ####...

Your spell library contained the following spells:

 Spells                   Type           Power        Failure   Level  Hunger
 Venom Bolt               Conj/Pois      ##........   73%         5    ######.


Dungeon Overview and Level Annotations

Branches:
Dungeon (5/15)             Temple (1/1) D:4

Altars:
Cheibriados
Dithmenos
Elyvilon
Fedhas
Hepliaklqana
Makhleb
Nemelex Xobeh
Qazlal
Ru
Sif Muna
Trog
Uskayaw
Vehumet
Xom
Yredelemnul
Zin
The Shining One


Innate Abilities, Weirdness & Mutations

Your plain brown scales are hard. (AC +6)
You cannot fit into any form of body armour.
You are cold-blooded and may be slowed by cold attacks.


Message History

Vehumet accepts your kill.
The orc looks even sicker.
The orc misses you.
You hit the orc.
You kill the orc!
Vehumet accepts your kill.
The orc warrior looks even sicker.
Your toxic aura wanes.
Casting: Olgreb's Toxic Radiance (quite dangerous; 26% risk of failure)
Confirm with . or Enter, or press ? or * to list all spells.
You don't have enough magic to cast that spell.
Things that are here:
26 gold pieces; an orc corpse The orc warrior hits you with a +0 trident!
* * * LOW HITPOINT WARNING * * *
You hit the orc warrior but do no damage.
The orc warrior is severely wounded.
You barely miss the orc warrior.
The orc warrior is severely wounded.
The orc warrior hits you with a +0 trident!!
You die...

#...........#
#..........#
#..........#
##..........#
####...........#
.........$.....#
.....#'###....#
#+####...#$)..#
#.........#@o).#
#.........#....##+##
#....##...#........#
#+#####...#........#
#.........###'#.<..#
#.............#....#
#.............#....#
#.........#####....#
#....##...# .....#


You could see an orc warrior (confused).

Vanquished Creatures
  3 crimson imps (D:4)
  A hound (D:4)
  An orc wizard (D:5)
  A worker ant (D:5)
  9 adders
  2 oozes
  A worm (D:3)
  A dart slug (D:1)
  4 leopard geckos
  12 orcs
  3 ball pythons
  A giant cockroach (D:1)
  5 hobgoblins
  9 jackals
  A quokka (D:3)
  4 bats
  5 frilled lizards
  6 goblins
  6 kobolds
  7 rats
82 creatures vanquished.

Notes
Turn   | Place    | Note
-------+----------+-------------------------------------------
     0 | D:1      | Bronimir the Draconian Venom Mage began the quest for the
                  | Orb.
     0 | D:1      | Reached XP level 1. HP: 14/14 MP: 3/3
   236 | D:1      | Reached XP level 2. HP: 19/20 MP: 5/5
   962 | D:2      | Reached XP level 3. HP: 26/26 MP: 3/6
   966 | D:2      | Learned a level 2 spell: Poisonous Vapours
   970 | D:2      | Learned a level 3 spell: Mephitic Cloud
  1481 | D:2      | Reached XP level 4. HP: 32/34 MP: 3/7
  1530 | D:2      | Reached skill level 4 in Poison Magic
  1761 | D:2      | Found a shimmering blue altar of Sif Muna.
  1826 | D:2      | Found a glowing silver altar of Zin.
  1826 | D:2      | Found a white marble altar of Elyvilon.
  1827 | D:2      | Found a glowing golden altar of the Shining One.
  2705 | D:3      | Reached XP level 5. HP: 32/39 MP: 2/8
  2794 | D:3      | Found a burning altar of Makhleb.
  3405 | D:4      | Found a sparkling altar of Nemelex Xobeh.
  3552 | D:4      | Found a staircase to the Ecumenical Temple.
  3558 | Temple   | Entered the Ecumenical Temple
  3589 | Temple   | Became a worshipper of Vehumet
  3675 | D:4      | Found a shimmering altar of Xom.
  3759 | D:5      | Entered Level 5 of the Dungeon
  3981 | D:4      | Reached skill level 1 in Fighting
  3981 | D:4      | Reached skill level 1 in Slings
  3991 | D:4      | Reached XP level 6. HP: 25/47 MP: 10/10
  3994 | D:4      | Reached skill level 1 in Axes
  4240 | D:5      | Learned a level 4 spell: Olgreb's Toxic Radiance
  4311 | D:5      | Noticed an orc warrior
  4331 | D:5      | Mangled by an orc warrior

Levels and vault maps discovered:
D:1:      scummos_arrival_hexagon, layout_loops_ring, minmay_misc_feat_enclosed
D:2:      layout_rooms, good_gods_temple_1, nicolae_overflow_hidden_temple,
          first_ration
D:3:      layout_basic, lemuel_crystal_altar
D:4:      layout_basic, led_xom_imps, overflow_temple_1_default,
          minmay_temple_entry_hall, uniq_edmund, uniq_eustachio, uniq_robin
D:5:      cheibrodos_two_vegetables, layout_gridville, grunt_gozag_breadcrumbs,
          lemuel_round_altar, lemuel_coloured_pillars_altar,
          uniq_crazy_yiuf_cottage, uniq_ijyb
Temple:   zaba_magenta_temple

Skill      XL: |  1  2  3  4  5  6 |
---------------+-------------------+-----
Dodging        | 2 |  2.6
Poison Magic   | 4 |  4.6
Conjurations   | 2 |  2.5
Spellcasting   | 3 |  3.2
Fighting       | 1 |  1.2
Slings         | 1 |  1.0
Axes           | 1 |  1.3
Short Blades   | |  0.8
Maces & Flails | |  0.8
Stealth        | |  1.7
Unarmed Combat | |  0.2

Action                   |  1- 3 |  4- 6 || total
-------------------------+-------+-------++-------
Melee: Unarmed           |    11 |       ||    11
       Club              |    21 |       ||    21
       Tailslap          |     7 |    14 ||    21
       Short sword       |    28 |    53 ||    81
       Hand axe          |       |    84 ||    84
 Fire: Hunting sling     |     7 |    23 ||    30
 Cast: Sting             |    25 |    34 ||    59
       Poisonous Vapours |     3 |    32 ||    35
       Olgreb's Toxic Ra |       |     2 ||     2
       Mephitic Cloud    |       |     1 ||     1
  Use: Potion            |       |     1 ||     1
 Stab: Sleeping          |     5 |     1 ||     6
  Eat: Chunk             |     2 |    10 ||    12
       Ration            |       |     1 ||     1
Armor: Skin              |    31 |    62 ||    93
Dodge: Dodged            |    40 |   103 ||   143
